 Dungeon Crawl Stone Soup version 0.27-a0-1245-g940ed4fa31 (webtiles) character file.

Game seed: 627336319749997260

95 polve the Cutter (level 4, -13/35 HPs)
             Began as a Demonspawn Abyssal Knight on June 9, 2021.
             Was a Believer of Lugonu.
             Killed by nerve-wracking pain
             ... invoked by an orc priest
              (14 damage)
             ... on level 3 of the Dungeon.
             The game lasted 00:01:57 (2985 turns).

polve the Cutter (Demonspawn Abyssal Knight)        Turns: 2985, Time: 00:01:58

Health: -13/35     AC: 12    Str: 13    XL:     4   Next: 40%
Magic:  5/5        EV:  5    Int: 14    God:    Lugonu [**....]
Gold:   84         SH:  0    Dex: 12    Spells: 3/3 levels left

rFire    . . .     SeeInvis .   a - +1 short sword
rCold    . . .     Faith    .   (no shield)
rNeg     . . .     Spirit   .   q - +0 plate armour
rPois    .         Reflect  .   h - +0 helmet
rElec    .         Harm     .   d - +0 cloak
rCorr    .         Rampage  .   (no gloves)
Will     .....                  (no boots)
Stlth    ..........             (no amulet)
HPRegen  0.11/turn              (no ring)
MPRegen  0.09/turn              (no ring)

@: no status effects
A: hooves 1, sturdy frame 1, demonic magic 1
a: Renounce Religion, Depart the Abyss, Bend Space


You were on level 3 of the Dungeon.
You worshipped Lugonu.
Lugonu was pleased with you.
You visited 1 branch of the dungeon, and saw 3 of its levels.
You visited the Abyss 1 time.

You collected 84 gold pieces.

Inventory:

Hand Weapons
 a - a +1 short sword (weapon)
Armour
 b - a +0 leather armour
 d - a +0 cloak (worn)
 h - a +0 helmet (worn)
 q - a +0 plate armour (worn)
Wands
 f - a wand of digging (6)
Scrolls
 c - 2 scrolls of silence
 e - a scroll of magic mapping {unknown}
 g - a scroll of enchant armour {unknown}
 i - 2 scrolls of teleportation {unknown}
 k - 2 scrolls of identify
 m - 2 scrolls of amnesia {unknown}
 n - a scroll of fog {unknown}
 o - a scroll of noise {unknown}
Potions
 j - 2 potions of flight {unknown}
 l - a potion of curing {unknown}
 p - a potion of attraction {unknown}


   Skills:
 + Level 3.4 Fighting
 - Level 4.0 Short Blades
 - Level 1.7 Armour
 - Level 0.8 Dodging
 - Level 2.4 Invocations


You had 3 spell levels left.
You didn't know any spells.
Your spell library was empty.

Dungeon Overview and Level Annotations

Branches:
Dungeon (3/15)

Altars:


Innate Abilities, Weirdness & Mutations

You have large cloven feet.
Your movements are slightly less encumbered by armour. (ER -2)
Spells you cast may paralyse adjacent enemies.


Message History

You are too injured to fight recklessly!
You are too injured to fight recklessly!
You are too injured to fight recklessly!
You are too injured to fight recklessly!
You are too injured to fight recklessly!
You closely miss the orc priest.
The orc priest is moderately wounded.
The orc priest hits you but does no damage.
You hit the orc priest but do no damage.
The orc priest is moderately wounded.
The orc priest invokes the aid of Beogh against you.
Pain shoots through your body!
Your plate armour prevents you from hitting the orc priest.
The orc priest is moderately wounded.
The orc priest mumbles some strange prayers to Beogh against you.
Pain shoots through your body!
You closely miss the orc priest. Your kick misses the orc priest.
The orc priest is moderately wounded.
The orc priest hits you but does no damage.
You closely miss the orc priest.
The orc priest is moderately wounded.
The orc priest hits you but does no damage.
You hit the orc priest. Your kick misses the orc priest.
The orc priest is heavily wounded.
The orc priest hits you with a +0 club.
You hit the orc priest.
The orc priest is severely wounded.
The orc priest hits you with a +0 club.
You closely miss the orc priest.
The orc priest is severely wounded.
You hit the orc priest. You kick the orc priest.
The orc priest is almost dead.
The orc priest calls down the wrath of Beogh upon you.
Beogh smites you!
* * * LOW HITPOINT WARNING * * *
You hit the orc priest but do no damage.
The orc priest is almost dead.
The orc priest invokes the aid of Beogh against you.
Pain shoots through your body!
You die...

#<#
#.#
#.#
#.#
#.#
#.####
#..)(#
####.#
#@#
#o#
#o#
.o.
...
##..#
#..#
#..#


You could see an orc priest and 2 orcs.

Vanquished Creatures
  A gnoll (D:2)
  3 adders (D:2)
  A dart slug (D:1)
  An orc (D:3)
  3 ball pythons
  A bat (D:2)
  5 endoplasms
  2 giant cockroaches (D:1)
  4 goblins
  3 hobgoblins
  12 jackals
  3 quokkas (D:2)
  3 frilled lizards
  2 kobolds (D:1)
  5 rats
49 creatures vanquished.

Notes
Turn   | Place    | Note
-------+----------+-------------------------------------------
     0 | Abyss:1  | polve the Demonspawn Abyssal Knight began the quest for the
                  | Orb.
     0 | Abyss:1  | Reached XP level 1. HP: 18/18 MP: 2/2
   126 | Abyss:2  | Noticed a small abomination
   127 | Abyss:2  | Noticed an iron imp
   128 | Abyss:2  | Noticed a fire bat
   129 | D:1      | Escaped the Abyss
   319 | D:1      | Reached skill level 2 in Short Blades
   344 | D:1      | Reached * piety under Lugonu
   382 | D:1      | Gained mutation: Your movements are slightly less
                  | encumbered by armour. (ER -2) [demonic ancestry]
   382 | D:1      | Reached XP level 2. HP: 24/24 MP: 3/3
   628 | D:1      | Found a faded altar of an unknown god.
   668 | D:1      | Reached skill level 3 in Short Blades
  1200 | D:2      | Gained mutation: Spells you cast may paralyse adjacent
                  | enemies. [demonic ancestry]
  1200 | D:2      | Reached XP level 3. HP: 13/29 MP: 4/4
  2100 | D:2      | Reached skill level 4 in Short Blades
  2100 | D:2      | Gained mutation: You have large cloven feet. [demonic
                  | ancestry]
  2100 | D:2      | Reached XP level 4. HP: 21/35 MP: 5/5
  2181 | D:2      | Reached ** piety under Lugonu
  2984 | D:3      | HP: 1/35 [orc priest/divine providence (10)]
  2985 | D:3      | Killed from afar by an orc priest

Illustrated notes

Levels and vault maps discovered:
D:1:      dpeg_arrival_tiny_a, layout_loops_ring, basic_ecumenical_altar
D:2:      layout_basic, serial_forest, infiniplex_forest_zigzag_2,
          infiniplex_forest_zigzag_1, infiniplex_forest_end_1,
          infiniplex_forest_straight_5, infiniplex_forest_clump_curved,
          infiniplex_forest_corner_1, infiniplex_forest_lined_corner,
          infiniplex_forest_clump_small, cheibrodos_gnoll_hut
D:3:      layout_loops_ring, gammafunk_temple_overflow_statue,
          serial_bayou_pond_a, uniq_crazy_yiuf_cottage, uniq_grinder, uniq_ijyb

Skill      XL: |  1  2  3 |
---------------+----------+-----
Short Blades   | 2 3 4 |  4.0
Fighting       | |  3.4
Armour         | |  1.7
Dodging        | |  0.8
Invocations    | |  2.4

Action                   |  1- 3 |  4- 6 || total
-------------------------+-------+-------++-------
Melee: Short sword       |   171 |    42 ||   213
       Kick              |       |     8 ||     8
Invok: Depart the Abyss  |     1 |       ||     1
  Use: Scroll            |     1 |       ||     1
 Stab: Sleeping          |     2 |       ||     2
Armor: Leather armour    |    54 |     7 ||    61
       Plate armour      |       |     6 ||     6
Dodge: Dodged            |    80 |    15 ||    95

Table legend: (Time is in decaauts)
 A = Elapsed time spent in this place.
 B = Non-inter-level travel time spent in this place.
 C = Inter-level travel time spent in this place.
 D = Time resting spent in this place.
 E = Time spent auto-exploring this place.
 F = Levels seen in this place.
 G = Mean time per level.
                   A        B        C        D        E       F      G
               +--------+--------+--------+--------+--------+-----+--------+
         Total |   2968 |   2930 |     38 |      0 |   2500 |   5 |  593.6 |
       Dungeon |   2840 |   2802 |     38 |      0 |   2406 |   3 |  946.7 |
         Abyss |    128 |    128 |      0 |      0 |     94 |   2 |   64.0 |
               +--------+--------+--------+--------+--------+-----+--------+

Top non-repeatable levels by time:
     D:2: 1782 daAuts
     D:1: 1033 daAuts
 Abyss:1: 104 daAuts
 Abyss:2: 24 daAuts
     D:3: 24 daAuts
